 Seeded DCSS version 0.29-a0-1019-g84f7d21838 (webtiles) character file.

Game seed: 20220810 (custom seed)

9 flotson the Sneak (level 2, 0/24 HPs)
             Began as a Demonspawn Delver on Aug 10, 2022.
             Succumbed to an adder's poison
             ... on level 5 of the Dungeon.
             The game lasted 00:00:18 (161 turns).

flotson the Sneak (Demonspawn Delver)                Turns: 161, Time: 00:00:19

Health: 0/24       AC:  3    Str: 12    XL:     2   Next: 3%
Magic:  2/2        EV: 12    Int: 11    God:
Gold:   41         SH:  0    Dex: 14    Spells: 1/1 levels left

rFire   . . .      SeeInvis .   a - +0 hand axe
rCold   . . .      Faith    .   (no shield)
rNeg    . . .      Spirit   .   b - +0 leather armour
rPois   .          Reflect  .   (no helmet)
rElec   .          Harm     .   (no cloak)
rCorr   .          Rampage  .   (no gloves)
Will    .....                   (no boots)
Stlth   ++........              (no amulet)
HPRegen 0.08/turn               (no ring)
MPRegen 0.08/turn               (no ring)

@: lethally poisoned (0 -> -8)
A: powered by pain 1
a: no special abilities


You were on level 5 of the Dungeon.
You visited 1 branch of the dungeon, and saw 1 of its levels.

You collected 41 gold pieces.

Inventory:

Hand Weapons
 a - a +0 hand axe (weapon)
Armour
 b - a +0 leather armour (worn)
Wands
 g - a wand of digging (3)
Scrolls
 c - a scroll of fog
 d - a scroll of magic mapping
 e - 2 scrolls of fear
Potions
 f - a potion of haste


   Skills:
 + Level 3.1 Fighting
 - Level 1.7 Axes
 + Level 0.5 Armour
 + Level 2.0 Dodging
 - Level 4.5 Stealth
 + Level 0.6 Evocations


You had one spell level left.
You didn't know any spells.
Your spell library was empty.

Dungeon Overview and Level Annotations

Branches:
Dungeon (5/15)
 Temple: D:4-7

Altars:


Innate Abilities, Weirdness & Mutations

You sometimes gain a little power by taking damage.


Message History

g - Guard the area. f - Follow me.
Anything else - Cancel.
You shout for attention!
The adder hisses angrily.
You hear the slow rusting of a drain very nearby.
The adder closely misses you.
You hit the adder.
The adder is lightly wounded.
The adder closely misses you. The adder completely misses you.
You hit the adder.
The adder is heavily wounded.
The adder bites you.
You closely miss the adder.
The adder is heavily wounded.
The adder bites you. x2
You barely miss the adder.
The adder is heavily wounded.
The adder bites you but does no damage.
You closely miss the adder.
The adder is heavily wounded.
The adder bites you.
You are poisoned.
The adder poisons you! The adder bites you.
You are lethally poisoned!
The adder poisons you!
You hit the adder.
The adder is severely wounded.
* * * LOW HITPOINT WARNING * * *
You feel very sick. The adder bites you.
* * * LOW HITPOINT WARNING * * *
You slash the adder!
You kill the adder!
* * * LOW HITPOINT WARNING * * *
You feel sick.
Your Dodging skill increases to level 2!
You have reached level 2!
Your demonic ancestry asserts itself...
You feel energised by your suffering.
There is a lethal amount of poison in your body!
You die...

#.....# ##...## #
#####.# #~#####+##
## #.# #~#.....#
##. #.# #~#.###.#
#.. #.# #~#.###.##
##.
#.####~#.##...##
##
#....#~#.......# #
######~#.#....##
###### #@#.#.#.##
#.....
#.......#####.####
#####.........#
###########


There were no monsters in sight!

Vanquished Creatures
  An adder (D:5)
1 creature vanquished.

Notes
Turn   | Place    | Note
-------+----------+-------------------------------------------
     0 | D:5      | flotson the Demonspawn Delver began the quest for the Orb.
     0 | D:5      | Reached XP level 1. HP: 18/18 MP: 1/1
   161 | D:5      | Gained mutation: You sometimes gain a little power by
                  | taking damage. [demonic ancestry]
   161 | D:5      | Reached XP level 2. HP: 2/24 MP: 2/2
   161 | D:5      | Succumbed to an adder's poison

Illustrated notes

Levels and vault maps discovered:
D:5:      layout_loops_corners, hellmonk_ghost_happy_afterlife,
          portal_sewer_entry_d, st_stairs_2, lexackson_kobold_supper, uniq_ijyb,
          uniq_grinder

Skill      XL: |  1 |
---------------+----+-----
Dodging        | 2 |  2.0
Fighting       | |  3.1
Axes           | |  1.7
Armour         | |  0.5
Stealth        | |  4.5
Evocations     | |  0.6

Action                   || total
-------------------------++-------
Melee: Hand axe          ||     7
Armor: Leather armour    ||     1
Dodge: Dodged            ||     3

Table legend: (Time is in decaauts)
 A = Elapsed time spent in this place.
 B = Non-inter-level travel time spent in this place.
 C = Inter-level travel time spent in this place.
 D = Time resting spent in this place.
 E = Time spent auto-exploring this place.
 F = Levels seen in this place.
 G = Mean time per level.
                   A        B        C        D        E       F      G
               +--------+--------+--------+--------+--------+-----+--------+
         Total |    162 |    162 |      0 |      0 |    149 |   1 |  162.0 |
       Dungeon |    162 |    162 |      0 |      0 |    149 |   1 |  162.0 |
               +--------+--------+--------+--------+--------+-----+--------+

Top non-repeatable levels by time:
     D:5: 162 daAuts
